 Dungeon Crawl Stone Soup version 0.19-a0-1922-g1e9a4c1 (webtiles) character file.

31 PurpleRed the Conjurer (level 3, -10/19 HPs)
             Began as a Kobold Conjurer on Oct 24, 2016.
             Mangled by an ogre
             ... wielding a +0 giant club
              (29 damage)
             ... on level 4 of the Dungeon.
             The game lasted 00:03:42 (527 turns).

PurpleRed the Conjurer (Kobold Conjurer)             Turns: 527, Time: 00:03:42

Health: -10/19     AC:  3    Str:  5    XL:     3   Next: 40%
Magic:  3/7        EV: 15    Int: 17    God:
Gold:   53         SH:  0    Dex: 15    Spells: 2 memorised, 5 levels left

rFire  . . .     SeeInvis .     e - +0 dagger
rCold  . . .     Gourm    .     a - +0 robe
rNeg   . . .     Faith    .     (shield restricted)
rPois  .         Spirit   .     (no helmet)
rElec  .         Reflect  .     d - +0 cloak
rCorr  .         Harm     .     (no gloves)
MR     .....                    (no boots)
Stlth  ++........               (no amulet)
                                (no ring)
                                (no ring)

@: no status effects
A: carnivore 3
a: no special abilities


You were on level 4 of the Dungeon.
You were full.

You visited 1 branch of the dungeon, and saw 5 of its levels.

You collected 53 gold pieces.

Inventory:

Hand Weapons
 e - a +0 dagger (weapon)
Missiles
 h - 6 tomahawks (quivered)
 i - a throwing net
Armour
 a - a +0 robe (worn)
 d - a +0 cloak (worn)
Scrolls
 j - a scroll of noise {unknown}
Potions
 g - a potion of degeneration {unknown}
Books
 b - a book of Conjurations

   Spells                             Type                      Level
   a - Magic Dart                     Conjuration                  1
   b - Searing Ray                    Conjuration                  2
   c - Dazzling Spray                 Conjuration/Hexes            3
   d - Fulminant Prism                Conjuration/Hexes            4
   e - Iskenderun's Mystic Blast      Conjuration                  4
   f - Iskenderun's Battlesphere      Conjuration/Charms           5
Comestibles
 c - a meat ration
 f - a royal jelly


   Skills:
 - Level 2.4 Dodging
 - Level 2.6 Stealth
 + Level 3.0 Spellcasting
 + Level 4.4 Conjurations


You had 5 spell levels left.
You knew the following spells:

 Your Spells              Type           Power        Failure   Level  Hunger
a - Magic Dart            Conj           ###.         2%          1    None
b - Searing Ray           Conj           ###...       4%          2    ##.....


Dungeon Overview and Level Annotations

Branches:
Dungeon (5/15)
 Temple: D:4-7

Altars:


Innate Abilities, Weirdness & Mutations

You are small and have problems with some larger weapons.
You are carnivorous and can eat meat at any time.


Message History

You open the door. 3 orcs and an ogre come into view.
Press: ? - help, v - describe, . - travel
Here: an ogre, wielding a giant club (resting)
The floor.
You close the door.
Casting: Magic Dart
Confirm with . or Enter, or press ? or * to list all spells.
Aiming: Searing Ray
Press: ? - help, Shift-Dir - straight line, f - ogre
Aim: an ogre, wielding a giant club The searing ray hits the ogre.
The ogre is lightly wounded.
The searing ray hits the ogre.
The ogre is moderately wounded.
The searing ray hits the ogre.
The ogre is moderately wounded.
The ogre hits you with a giant club!!
Ouch! That really hurt!
You die...

## .o.....
#....#.# .##
..... #.#.## #
#.# ... #.#.##.#
.## #+# #......#
## #.# ###.####
#######.# #.#
........## #.#
######...## #O#
# #.....# #@# #
###....## #.# #
#........#####.#
.
..##.##........#
...
...###########
## #####


You could see an ogre.

Vanquished Creatures
  2 adders
  A dart slug (D:1)
  A leopard gecko (D:1)
  A bat (D:2)
  A giant cockroach (D:1)
  A goblin (D:1)
  A hobgoblin (D:3)
  A kobold (D:1)
  2 rats
11 creatures vanquished.

Notes
Turn   | Place    | Note
-------+----------+-------------------------------------------
     0 | D:1      | PurpleRed the Kobold Conjurer began the quest for the Orb.
     0 | D:1      | Reached XP level 1. HP: 10/10 MP: 3/3
   175 | D:1      | Reached XP level 2. HP: 12/15 MP: 0/5
   236 | D:2      | Learned a level 2 spell: Searing Ray
   313 | D:2      | Reached XP level 3. HP: 19/19 MP: 5/7
   445 | D:5      | Entered Level 5 of the Dungeon
   488 | D:4      | Noticed an ogre
   527 | D:4      | Mangled by an ogre

Vault maps used:
D:1:      nicolae_arrival_somewhat_less_tricky_arrival
D:2:      hex_large
D:3:      nicolae_ru_path_of_blood, minmay_misc_feat_pillars
D:4:      gammafunk_temple_overflow_forgotten, corexii_item_surrounded_by_moat
D:5:      first_bread

Skill      XL: |  1  2  3 |
---------------+----------+-----
Spellcasting   | 3 |  3.0
Dodging        | |  2.4
Stealth        | |  2.6
Conjurations   | |  4.4

Action                   || total
-------------------------++-------
Melee: Unarmed           ||     9
       Dagger            ||    13
 Cast: Magic Dart        ||    18
       Searing Ray       ||     2
  Use: Scroll            ||     1
 Stab: Sleeping          ||     1
  Eat: Chunk             ||     4
Armor: Robe              ||     6
Dodge: Dodged            ||    14
